 Dungeon Crawl Stone Soup version 0.18-a0-1764-gf4ddf0b (webtiles) character file.

161 dwasdwasdwas the Slasher (level 5, -7/41 HPs)
             Began as a Demonspawn Gladiator on Apr 13, 2016.
             Mangled by Grinder (8 damage)
             ... on level 3 of the Dungeon.
             The game lasted 00:07:11 (2193 turns).

dwasdwasdwas the Slasher (Demonspawn Gladiator)     Turns: 2193, Time: 00:07:11

Health: -7/41      AC:  6    Str: 17    XL:     5   Next: 18%
Magic:  0/5        EV: 18    Int:  9    God:
Gold:   107        SH:  0    Dex: 18    Spells: 0 memorised, 4 levels left

rFire  . . .     SeeInvis .     a - +0 long sword
rCold  . . .     Gourm    .     b - +0 leather armour
rNeg   . . .     Faith    .     (no shield)
rPois  .         Spirit   +     c - +0 helmet
rElec  .         Dismiss  .     (no cloak)
rCorr  .         Reflect  .     (no gloves)
SustAt .         Harm     .     f - +1 pair of boots
MR     .....                    (no amulet)
Stlth  ++........               (no ring)
                                (no ring)

@: agile, exhausted, slowed, very slow, not resistant to hostile enchantments,
unstealthy
A: magic shield, magic regeneration
a: no special abilities


You were on level 3 of the Dungeon.
You were hungry.

You visited 1 branch of the dungeon, and saw 3 of its levels.

You collected 107 gold pieces.

Inventory:

Hand Weapons
 a - a +0 long sword (weapon)
Missiles
 d - 3 throwing nets (quivered)
Armour
 b - a +0 leather armour (worn)
 c - a +0 helmet (worn)
 f - a +1 pair of boots (worn)
Scrolls
 e - a scroll of teleportation {unknown}
 g - a scroll of identify {unknown}
 l - a scroll of amnesia
Potions
 n - a potion of curing {unknown}
 o - 2 potions of cure mutation {unknown}
 p - a potion of might {unknown}
 q - a potion of heal wounds {unknown}
Comestibles
 h - 2 meat rations
 i - a beef jerky


   Skills:
 + Level 3.1 Fighting
 + Level 3.4 Long Blades
 + Level 2.9 Throwing
 + Level 1.5 Armour
 - Level 3.0 Dodging


You had 4 spell levels left.
You didn't know any spells.

Dungeon Overview and Level Annotations

Branches:
Dungeon (3/15)

Altars:

Annotations:
D:3 Grinder


Innate Abilities, Weirdness & Mutations

When hurt, damage is shared between your health and your magic reserves.
You regenerate magic rapidly.


Message History

Grinder says, "I used to sell toenails on the black market."
Grinder gestures at you.
You suddenly lose the ability to move!
Grinder hits you but does no damage.
Grinder says, "There's only one good use for a tongue: cutting it out."
Grinder hits you.
* * * LOW HITPOINT WARNING * * *
You writhe in agony.
* * * LOW HITPOINT WARNING * * *
Grinder gestures at you. Pain shoots through your body!
* * * LOW HITPOINT WARNING * * *
You can move again.
You hit Grinder.
Grinder is moderately wounded.
Grinder barely misses you. Grinder closely misses you.
You hit Grinder but do no damage.
Grinder is moderately wounded.
Grinder hits you!
You die...

#.#..#.#
#......#
#..# #..#
#..# #..#
#..# #..#
#@.# #5.#
########..##
#...†).....#
#.######...#
# #...#
#.....
#.#.###
..#.#


You could see Grinder.

Vanquished Creatures
  Jessica (D:3)
  Natasha (thrice) (D:2)
  An ooze (D:2)
  3 dart slugs
  2 giant geckos (D:2)
  3 orcs (D:3)
  10 goblins
  4 hobgoblins
  2 jackals (D:2)
  2 quokkas
  5 bats
  5 giant newts
  2 kobolds
  4 rats
47 creatures vanquished.

Notes
Turn   | Place    | Note
--------------------------------------------------------------
     0 | D:1      | dwasdwasdwas the Demonspawn Gladiator began the quest for the Orb.
     0 | D:1      | Reached XP level 1. HP: 16/16 MP: 1/1
   393 | D:1      | Gained mutation: When hurt, damage is shared between your health and your magic reserves. [demonic ancestry]
   393 | D:1      | Reached XP level 2. HP: 19/22 MP: 2/2
  1051 | D:2      | Reached XP level 3. HP: 27/28 MP: 3/3
  1147 | D:2      | Noticed Natasha
  1166 | D:2      | Killed Natasha
  1491 | D:2      | Reached skill level 1 in Armour
  1624 | D:2      | Reached XP level 4. HP: 34/34 MP: 4/4
  1660 | D:2      | Noticed Natasha
  1669 | D:2      | Killed Natasha
  1746 | D:2      | Noticed Natasha
  1754 | D:2      | Killed Natasha
  1920 | D:3      | Noticed Jessica
  2083 | D:3      | Killed Jessica
  2083 | D:3      | Gained mutation: You regenerate magic rapidly. [demonic ancestry]
  2083 | D:3      | Reached XP level 5. HP: 39/41 MP: 5/5
  2149 | D:3      | Noticed Grinder
  2187 | D:3      | Paralysed by Grinder for 5 turns
  2191 | D:3      | HP: 1/41 [Grinder/nerve-wracking pain (8)]
  2193 | D:3      | Mangled by Grinder

Vault maps used:
D:1:      minmay_arrival_three_doors
D:2:      uniq_natasha
D:3:      ecumenical_altar_1, uniq_grinder, uniq_iyjb, uniq_jessica

Skill      XL: |  1  2  3  4 |
---------------+-------------+-----
Throwing       | 2 |  2.9
Dodging        | 3 |  3.0
Long Blades    | 3 |  3.4
Armour         | 1 |  1.5
Fighting       | 3 |  3.1

Action                   |  1- 3 |  4- 6 || total
-------------------------+-------+-------++-------
Melee: Long sword        |   131 |    55 ||   186
  Use: Scroll            |     7 |       ||     7
       Potion            |       |     3 ||     3
  Eat: Bread ration      |     1 |       ||     1
Armor: Leather armour    |    28 |    24 ||    52
Dodge: Dodged            |    85 |    47 ||   132
